 Dungeon Crawl Stone Soup version 0.30-a0-364-gf6b3ef1049 (webtiles) character file.

Game seed: 5864778234754265191

59473 koil the Brawler (level 14, -6/225 HPs)
             Began as a Troll Berserker on Nov 15, 2022.
             Was the Champion of Trog.
             Mangled by an ogre
             ... wielding a +0 giant club
              (17 damage)
             ... on level 1 of the Orcish Mines.
             The game lasted 01:08:25 (17938 turns).

koil the Brawler (Troll Berserker)                 Turns: 17938, Time: 01:08:26

Health: -6/225     AC: 17    Str: 38    XL:     14   Next: 53%
Magic:  13/13      EV: 13    Int:  3    God:    Trog [******]
Gold:   1538       SH:  0    Dex:  9    Spells: 13/13 levels left

rFire   . . .      SeeInvis .      - Unarmed
rCold   . . .      Faith    .    (no shield)
rNeg    . . .      Spirit   .    i - +0 steam dragon scales
rPois   .          Reflect  .    r - +2 hat
rElec   .          Harm     .    M - +2 cloak {Stlth+}
rCorr   .          Rampage  .    (gloves unavailable)
Will    +....                    (boots unavailable)
Stlth   ..........               b - amulet of regeneration
HPRegen 2.17/turn                u - +4 ring of protection
MPRegen 0.13/turn                U - +6 ring of strength

@: berserking, very quick
A: large, unfitting armour, claws 3, regeneration 1, shaggy fur 1, tough skin 1
a: Renounce Religion, Berserk, Trog's Hand, Brothers in Arms


You were on level 1 of the Orcish Mines.
You worshipped Trog.
Trog was exalted by your worship.
You visited 4 branches of the dungeon, and saw 21 of its levels.
You also visited: Ossuary.

You collected 1594 gold pieces.
You spent 56 gold pieces at shops.

Inventory:

Hand Weapons
 T - a +5 vorpal rapier
Missiles
 h - 50 poisoned darts (quivered)
 y - 2 silver javelins {!f}
 H - 3 curare-tipped darts {!f}
Armour
 i - +0 steam dragon scales (worn)
 r - a +2 hat (worn)
 M - a +2 cloak of stealth (worn)
 O - a +0 robe of willpower
Jewellery
 b - an amulet of regeneration (around neck)
 s - a ring of see invisible
 u - a +4 ring of protection (left claw)
 C - a ring of ice
 G - a ring of protection from cold
 U - a +6 ring of strength (right claw)
Wands
 w - a wand of flame (13)
 x - a wand of charming (15)
 J - a wand of acid (2)
 P - a wand of digging (6)
Scrolls
 a - 7 scrolls of fear
 f - 5 scrolls of blinking
 l - 7 scrolls of identify
 p - 7 scrolls of teleportation
 I - a scroll of magic mapping
 K - a scroll of butterflies
 L - a scroll of summoning
 Q - 3 scrolls of enchant armour
 S - a scroll of silence
Potions
 c - 3 potions of flight
 m - 3 potions of cancellation
 q - 3 potions of might
 z - 4 potions of haste
 D - 9 potions of curing
Miscellaneous
 E - a phantom mirror


   Skills:
 + Level 12.8 Fighting
 + Level 3.9 Armour
 + Level 12.8 Dodging
 + Level 15.0 Unarmed Combat


You had 13 spell levels left.
You didn't know any spells.
Your spell library was empty.

Dungeon Overview and Level Annotations

Branches:
Dungeon (14/15)            Temple (1/1) D:5            Lair (5/5) D:11
  Swamp (0/4) Lair:2       Spider (0/4) Lair:2        Slime (0/5) Lair:4
    Orc (1/2) D:11         Vaults (0/5) D:14        Ossuary (visited)

Altars:
Cheibriados
Dithmenos
Elyvilon
Fedhas
Gozag
Nemelex Xobeh
Ru
Sif Muna
Uskayaw
Vehumet
Xom
Yredelemnul
Zin

Shops:
D:1 *   D:2 (:?*   D:6 ?

Annotations:
Lair:1 exclusion: 2 oklob plants


Innate Abilities, Weirdness & Mutations

You are too large for most types of armour.
You have claws for hands.
Your natural rate of healing is unusually fast.
You are covered in fur. (AC +1)
You have tough skin. (AC +1)


Message History

Found 25 gold pieces.
The ettin shouts in stereo!
An orc wizard comes into view. It is wielding a +0 dagger.
The ogre hits you with a +0 giant spiked club!
You claw the ogre!
The ogre is moderately wounded.
You scratch the ogre but do no damage.
The ogre is moderately wounded.
You scratch the ogre.
The ogre is heavily wounded.
The ogre hits you with a +0 giant spiked club!!
You mangle the ogre!!
You kill the ogre!
Trog accepts your kill.
You claw the ettin!
The ettin is lightly wounded.
The ettin hits you with a +0 dire flail!! x2
You eviscerate the ettin!!! You claw the ettin!
The ettin is almost dead.
The ogre hits you but does no damage.
The ettin hits you with a +0 dire flail!!
The ettin hits you with a +0 dire flail!!!
* * * LOW HITPOINT WARNING * * *
A red film seems to cover your vision as you go berserk!
You feel yourself moving faster!
You feel mighty!
The ogre hits you with a +0 giant club!!
* * * LOW HITPOINT WARNING * * *
An orc priest comes into view. It is wielding a +0 flail.
The ettin hits you but does no damage.
The ettin hits you with a +0 dire flail!!
* * * LOW HITPOINT WARNING * * *
The orc priest shouts!
You mangle the ettin!!
You kill the ettin!
Trog accepts your kill.
You mangle the ogre!!
The ogre is almost dead.
The orc priest looks satisfied for a moment.
The ogre hits you with a +0 giant club!
You die...

..........$o..##
...............$
...............
#.............
#....$........
#.....o.......
#....O.....#
#.<.@))..#
##...#....#
##...#...#
....#...#...
.............
##.#..#.......
#..........#.
........#.##


You could see an ogre, an orc priest and an orc wizard.

Vanquished Creatures
  An ettin (Orc:1)
  A hydra (Lair:5)
  A rakshasa (D:13)
  3 vault guards (D:14)
  A boulder beetle (D:14)
  A death knight (D:14)
  A catoblepas (D:13)
  4 death yaks (Lair:4)
  A centaur warrior (D:13)
  A two-headed ogre (D:10)
  A tengu warrior (D:14)
  A skeletal warrior (D:14)
  Amaemon (D:10)
  An orb spider (Lair:2)
  2 bog bodies (Lair:2)
  2 orc knights (D:14)
  A wizard (D:14)
  Pikel (D:7)
  A lindwurm (Lair:5)
  A phantasmal warrior (D:14)
  An ugly thing (D:12)
  3 cyclopes
  3 deep elf pyromancers
  Joseph (D:8)
  7 centaur zombies (D:12)
  5 black mambas
  9 elephants
  4 cane toads
  An orange demon (D:10)
  2 gargoyles (D:14)
  3 rime drakes
  2 unseen horrors
  2 kobold demonologists
  A yaktaur (D:14)
  An efreet (D:14)
  4 komodo dragons
  3 tengu conjurers (D:14)
  2 freezing wraiths (D:14)
  A meliai (shapeshifter) (D:11)
  6 polar bears
  7 hornets
  A slime creature (Lair:4)
  4 trolls
  4 dream sheep (Lair:5)
  6 blink frogs
  13 spriggans (Lair:5)
  Sigmund (D:2)
  The ghost of purpskrrrp the Shooter, an amateur DEHu of Gozag (D:4)
  4 shadows
  3 wyverns
  A vampire (D:12)
  4 wraiths
  4 water elementals (D:14)
  40 yaks
  4 steam dragons
  9 vampire mosquitoes
  An acid dragon (D:11)
  14 water moccasins
  A swamp drake (D:11)
  5 orc warriors
  5 sky beasts
  6 black bears
  32 wolves (Lair:5)
  2 boggarts (Lair:5)
  4 centaurs
  3 ogres
  4 phantoms
  4 kobold brigands
  3 bullfrogs
  A gnoll sergeant (D:12)
  7 scorpions
  A necrophage (D:5)
  18 wights
  2 water moccasin zombies (Ossuary)
  3 killer bees (D:10)
  11 electric eels
  2 howler monkeys
  A hound (D:4)
  8 orc priests
  6 jellies
  An iron imp (D:6)
  Jessica (D:2)
  A boggart zombie (D:12)
  3 iguanas
  10 orc wizards
  3 mummies
  6 gnolls
  8 adders
  2 shadow imps
  A white imp (D:8)
  2 ufetubi
  7 adder zombies (Ossuary)
  A worm (D:2)
  A dart slug (D:4)
  41 orcs
  13 bats
  6 endoplasms
  4 giant cockroaches
  4 goblins
  10 hobgoblins
  7 jackals
  2 quokkas (D:2)
  7 ball pythons
  3 frilled lizards
  2 gnoll zombies (Ossuary)
  A goblin zombie (D:5)
  6 hobgoblin zombies (Ossuary)
  27 kobolds
  10 kobold zombies (Ossuary)
  8 orc zombies
  6 rats
  5 fungi
  45 plants
  A withered plant (D:12)
593 creatures vanquished.

Notes
Turn   | Place    | Note
-------+----------+-------------------------------------------
     0 | D:1      | koil the Troll Berserker began the quest for the Orb.
     0 | D:1      | Reached XP level 1. HP: 22/22 MP: 0/0
    56 | D:1      | Reached XP level 2. HP: 26/29 MP: 1/1
   344 | D:1      | Found Vohaanl Wikh's Assorted Antiques.
   513 | D:1      | Reached XP level 3. HP: 36/36 MP: 2/2
   771 | D:2      | Noticed Sigmund
   806 | D:2      | Killed Sigmund
   807 | D:2      | Reached skill level 4 in Unarmed Combat
   807 | D:2      | Reached XP level 4. HP: 27/45 MP: 3/3
   807 | D:2      | Reached XP level 5. HP: 32/53 MP: 4/4
   869 | D:2      | Reached ** piety under Trog
   974 | D:2      | Noticed Jessica
   997 | D:2      | Killed Jessica
  1203 | D:2      | Found Ucenteps's General Store.
  1216 | D:2      | Bought a +0 hat for 56 gold pieces
  1222 | D:2      | Found Yhaatwod's Magic Scroll Boutique.
  1245 | D:2      | Found an opulent altar of Gozag.
  1268 | D:2      | Reached XP level 6. HP: 62/62 MP: 5/5
  1277 | D:2      | Found Muask's Weapon Shop.
  1301 | D:2      | Found Qeqong's Book Boutique.
  2491 | D:4      | Found a sacrificial altar of Ru.
  2501 | D:4      | Reached *** piety under Trog
  2719 | D:4      | Found a transporter.
  2738 | D:4      | Reached skill level 5 in Unarmed Combat
  2871 | D:4      | Noticed purpskrrrp's ghost (amateur DEHu)
  2872 | D:4      | Found a transporter.
  3067 | D:4      | Killed purpskrrrp's ghost
  3068 | D:4      | Reached XP level 7. HP: 71/71 MP: 6/6
  3176 | D:5      | Entered Level 5 of the Dungeon
  3276 | D:5      | Found a shimmering blue altar of Sif Muna.
  3308 | D:5      | Found an opulent altar of Gozag.
  3360 | D:5      | Found a sand-covered staircase.
  3368 | Ossuary  | Entered an ossuary
  3395 | Ossuary  | Reached skill level 6 in Unarmed Combat
  3420 | Ossuary  | Reached **** piety under Trog
  3429 | Ossuary  | Reached skill level 5 in Fighting
  3429 | Ossuary  | Reached skill level 5 in Dodging
  3519 | Ossuary  | Reached XP level 8. HP: 80/80 MP: 7/7
  3576 | Ossuary  | Identified a scroll of acquirement
  3577 | Ossuary  | Acquired an amulet of regeneration
  4595 | D:5      | Found a staircase to the Ecumenical Temple.
  4757 | D:5      | Found a white marble altar of Elyvilon.
  4963 | Temple   | Entered the Ecumenical Temple
  5063 | D:6      | Reached skill level 7 in Unarmed Combat
  5186 | D:6      | Found a basalt altar of Yredelemnul.
  5325 | D:6      | Found Fiuzxeux's Magic Scroll Boutique.
  5590 | D:6      | Found a glowing silver altar of Zin.
  5683 | D:6      | Found a snail-covered altar of Cheibriados.
  5898 | D:7      | Reached XP level 9. HP: 78/87 MP: 8/8
  6089 | D:7      | Reached ***** piety under Trog
  6191 | D:7      | Noticed Pikel
  6219 | D:7      | Killed Pikel
  6220 | D:7      | Reached skill level 8 in Unarmed Combat
  6521 | D:8      | Found a radiant altar of Vehumet.
  6728 | D:8      | Identified the +11 falchion of Abuse {distort, Will+ Dex+4}
  6827 | D:8      | Noticed Joseph
  6839 | D:8      | Killed Joseph
  6955 | D:8      | Reached skill level 9 in Unarmed Combat
  6955 | D:8      | Reached XP level 10. HP: 102/102 MP: 9/9
  7492 | D:9      | Found a hide-covered altar of Uskayaw.
  7565 | D:9      | HP: 28/150 [electric eel/bolt of electricity (14)]
  7570 | D:9      | HP: 19/150 [electric eel/bolt of electricity (7)]
  7643 | D:9      | HP: 16/100 [electric eel/bolt of electricity (7)]
  7725 | D:9      | Noticed a cyclops
  7740 | D:9      | Killed a cyclops
  8135 | D:9      | Paralysed by a hornet for 1 turns
  8498 | D:10     | Entered Level 10 of the Dungeon
  8548 | D:10     | Reached skill level 10 in Unarmed Combat
  8610 | D:10     | Noticed Amaemon
  8611 | D:10     | Noticed an orange demon
  8622 | D:10     | Killed Amaemon
  8628 | D:10     | Killed an orange demon
  8637 | D:10     | Noticed a two-headed ogre
  8668 | D:10     | Killed a two-headed ogre
  8669 | D:10     | Reached XP level 11. HP: 113/113 MP: 10/10
  9180 | D:10     | Received a gift from Trog
  9585 | D:11     | Reached skill level 11 in Unarmed Combat
  9682 | D:11     | Found a staircase to the Orcish Mines.
 10064 | D:11     | Found a staircase to the Lair.
 10357 | Lair:1   | Entered Level 1 of the Lair of Beasts
 11040 | Lair:1   | Found a blossoming altar of Fedhas.
 11042 | Lair:1   | Noticed an oklob plant
 11043 | Lair:1   | Noticed an oklob plant
 11048 | Lair:1   | HP: 16/117 [oklob plant/splash of acid (24)]
 11187 | Lair:2   | Found a hole to the Spider Nest.
 11187 | Lair:2   | Noticed an orb spider
 11244 | Lair:2   | Reached skill level 10 in Dodging
 11252 | Lair:2   | Reached skill level 10 in Fighting
 11252 | Lair:2   | Reached XP level 12. HP: 98/126 MP: 11/11
 11282 | Lair:2   | Found a staircase to the Swamp.
 11311 | Lair:2   | Reached skill level 12 in Unarmed Combat
 11703 | Lair:2   | HP: 13/126 [disintegration (21)]
 12932 | Lair:4   | Found a staircase to the Slime Pits.
 13071 | Lair:4   | Reached ****** piety under Trog
 13093 | Lair:4   | Noticed a death yak
 13093 | Lair:4   | Noticed a death yak
 13094 | Lair:4   | Noticed a death yak
 13097 | Lair:4   | Reached skill level 13 in Unarmed Combat
 13097 | Lair:4   | Noticed a death yak
 13116 | Lair:4   | Killed a death yak
 13121 | Lair:4   | Killed a death yak
 13126 | Lair:4   | Killed a death yak
 13133 | Lair:4   | Killed a death yak
 13217 | Lair:4   | Identified the +3 chain mail of Cowardice {Int+2}
 13424 | Lair:4   | Reached XP level 13. HP: 121/137 MP: 12/12
 13627 | Lair:5   | Entered Level 5 of the Lair of Beasts
 14146 | Lair:5   | Received a gift from Trog
 14300 | Lair:5   | Reached skill level 14 in Unarmed Combat
 15215 | D:12     | Reached skill level 1 in Armour
 15435 | D:12     | Received a gift from Trog
 15486 | D:12     | Reached XP level 14. HP: 126/149 MP: 13/13
 16770 | D:14     | HP: 28/150 [phantasmal warrior[a death knight] (14)]
 16773 | D:14     | HP: 3/150 [phantasmal warrior[a death knight] (23)]
 17224 | D:14     | Found a gate to the Vaults.
 17232 | D:14     | Reached skill level 15 in Unarmed Combat
 17301 | D:14     | Received a gift from Trog
 17925 | Orc:1    | Entered Level 1 of the Orcish Mines
 17934 | Orc:1    | HP: 30/150 [ettin/+0 dire flail (38)]
 17936 | Orc:1    | HP: 9/225 [ettin/+0 dire flail (21)]
 17938 | Orc:1    | Mangled by an ogre

Illustrated notes

Levels and vault maps discovered:
D:1:      minmay_arrival_semitransparent, layout_basic, serial_shops, shop
D:2:      layout_basic, basic_altar, serial_shops, shop, nicolae_shop_stone,
          nicolae_shop_bloodbath_and_beyond, shop, minmay_misc_feat_cross,
          grunt_ministairs_11, chequers_big_river, uniq_sigmund, uniq_jessica
D:3:      layout_basic, grunt_decor_resistance
D:4:      layout_loops_ring, mainiacjoe_overflow_chevrons, gammafunk_ghost_arena
D:5:      layout_rooms, amcnicky_altar_gilded, nicolae_elyvilon_peaceful_grove,
          lemuel_coloured_pillars_altar, minmay_temple_entry_statues,
          nicolae_ossuary_entry_giza
D:6:      layout_loops_ring, chei_slow_surprise,
          mainiacjoe_overflow_six_doors_small, zin_scriptorium, serial_shops,
          shop_scrolls, chequers_serial_rivers_small_3, minivault_24
D:7:      layout_loops_ring, uniq_pikel
D:8:      layout_basic, nicolae_vehumet_radiance, uniq_joseph
D:9:      layout_basic, old_standard_altar, serial_bayou_lagoon_b
D:10:     old_forge, layout_long_grid, uniq_amaemon
D:11:     layout_loops_ring, lair_entry_dummy, erik_orc_1, serial_glass,
          glass_columns_b, glass_columns_a
D:12:     layout_roguey, serial_undead, serial_undead_f, serial_undead_c,
          serial_undead_a, serial_undead_c
D:13:     layout_roguey
D:14:     layout_roguey, grunt_vaults_entry_fortified, kennysheep_boxes
Temple:   nicolae_temple_ecumenical_triangle
Lair:1:   layout_roguey, hangedman_tree_tricks, st_stairs_8,
          chequers_serial_rivers_room_a, gammafunk_lair_bear_cave,
          grunt_megastairs_1
Lair:2:   layout_roguey, skrybe_swamp_entry_bodies,
          nicolae_spider_entry_orb_guardian, minmay_holes
Lair:3:   layout_roguey
Lair:4:   layout_roguey, minmay_slime_entry_pillars, grunt_megastairs_5,
          infiniplex_staircase_pool
Lair:5:   minmay_lair_end_enchanted_forest, layout_regular_city,
          lookout_lair_type, nicolae_lair_lindhole
Orc:1:    layout_caves

Skill      XL: |  1  2  3  4  5  6  7  8  9 10 11 12 13 14 |
---------------+-------------------------------------------+-----
Fighting       | 3 4 5 6 7 8 10 11 12 | 12.8
Dodging        | 3 4 5 6 7 8 10 11 12 | 12.8
Unarmed Combat | 4 5 6 7 9 10 11 13 14 15 | 15.0
Armour         | 1 3 |  3.9

Action                   |  1- 3 |  4- 6 |  7- 9 | 10-12 | 13-15 || total
-------------------------+-------+-------+-------+-------+-------++-------
Melee: Unarmed           |    63 |   150 |   318 |   601 |   574 ||  1706
       Punch             |       |     1 |     9 |    41 |    54 ||   105
Invok: Berserk           |     1 |     1 |     2 |     9 |     6 ||    19
Evoke: Wand              |       |       |       |       |     4 ||     4
  Use: Scroll            |       |       |    24 |     4 |     1 ||    29
       Potion            |       |       |       |     6 |     1 ||     7
 Stab: Sleeping          |       |       |     2 |       |     3 ||     5
       Distracted        |       |       |       |       |     1 ||     1
Armor: Animal skin       |    21 |       |       |       |       ||    21
       Robe              |       |    52 |    55 |       |       ||   107
       Steam dragon scal |       |       |    27 |   267 |   400 ||   694
Dodge: Dodged            |    39 |    71 |   139 |   352 |   460 ||  1061

Table legend: (Time is in decaauts)
 A = Elapsed time spent in this place.
 B = Non-inter-level travel time spent in this place.
 C = Inter-level travel time spent in this place.
 D = Time resting spent in this place.
 E = Time spent auto-exploring this place.
 F = Levels seen in this place.
 G = Mean time per level.
                   A        B        C        D        E       F      G
               +--------+--------+--------+--------+--------+-----+--------+
         Total |  17888 |  16948 |    940 |   1946 |  10851 |  22 |  813.1 |
       Dungeon |  11940 |  11177 |    763 |    611 |   7646 |  14 |  852.9 |
        Temple |     57 |     53 |      4 |      0 |      0 |   1 |   57.0 |
          Lair |   4690 |   4517 |    173 |    371 |   3205 |   5 |  938.0 |
  Orcish Mines |     10 |     10 |      0 |      0 |      0 |   1 |   10.0 |
       Ossuary |   1189 |   1189 |      0 |    963 |      0 |   1 | 1189.0 |
               +--------+--------+--------+--------+--------+-----+--------+

Top non-repeatable levels by time:
  Lair:5: 1346 daAuts
 Ossuary: 1189 daAuts
     D:9: 1140 daAuts
    D:14: 1075 daAuts
     D:2: 1002 daAuts
    D:10: 1000 daAuts
    D:11: 944 daAuts
     D:6: 927 daAuts
  Lair:4: 914 daAuts
     D:8: 912 daAuts
  Lair:2: 855 daAuts
    D:13: 807 daAuts
  Lair:1: 790 daAuts
  Lair:3: 784 daAuts
     D:4: 762 daAuts
